 Dungeon Crawl Stone Soup version 0.23.2-40-g277498a001 (webtiles) character file.

Game seed: 2166504633889784881

4 MalarOregon the Vexing (level 1, -1/15 HPs)
             Began as a Draconian Enchanter on Sept 18, 2019.
             Slain by a hobgoblin
             ... wielding a +0 club
              (4 damage)
             ... on level 1 of the Dungeon.
             The game lasted 00:00:24 (161 turns).

MalarOregon the Vexing (Draconian Enchanter)         Turns: 161, Time: 00:00:24

Health: -1/15      AC:  4    Str: 10    XL:     1   Next: 58%
Magic:  3/3        EV: 12    Int: 15    God:
Gold:   0          SH:  0    Dex: 11    Spells: 3/4 levels left

rFire    . . .     SeeInvis .   a - +1 dagger
rCold    . . .     Gourm    .   (no shield)
rNeg     . . .     Faith    .   (armour unavailable)
rPois    .         Spirit   .   (helmet restricted)
rElec    .         Reflect  .   (no cloak)
rCorr    .         Harm     .   (no gloves)
MR       .....                  (no boots)
Stlth    ++........             (no amulet)
HPRegen  0.05/turn              (no ring)
MPRegen  0.08/turn              (no ring)

@: no status effects
A: unfitting armour, cold-blooded, AC +4
a: no special abilities


You were on level 1 of the Dungeon.
You were not hungry.

You visited 1 branch of the dungeon, and saw 1 of its levels.

Inventory:

Hand Weapons
 a - a +1 dagger (weapon)
Comestibles
 b - a chunk of flesh
 e - a ration {!d}


   Skills:
 * Level 0.5 Fighting
 * Level 1.1 Short Blades
 * Level 1.9 Dodging
 - Level 2.6 Stealth
 + Level 2.0 Spellcasting
 + Level 2.7 Hexes


You had 3 spell levels left.
You knew the following spells:

 Your Spells              Type           Power        Failure   Level  Hunger
a - Corona                Hex            #......      8%          1    #......

Your spell library contained the following spells:

 Spells                   Type           Power        Failure   Level  Hunger
 Ensorcelled Hibernation  Hex/Ice        #.....       19%         2    ###....
 Confuse                  Hex            #.......     22%         3    ###....
 Tukima's Dance           Hex            #.......     22%         3    ###....
 Dazzling Spray           Conj/Hex       #.....       36%         3    ###....


Dungeon Overview and Level Annotations

Branches:
Dungeon (1/15)

Altars:


Innate Abilities, Weirdness & Mutations

Your plain brown scales are hard. (AC +4)
You cannot fit into any form of body armour.
You are cold-blooded and may be slowed by cold attacks.


Message History

Found a leather armour.
Something unseen opens the door.
A kobold comes into view. It is wielding a +0 whip.
There is an open door here.
A kobold is nearby!
A kobold is nearby!
No reachable target in view!
Really walk into that teleport trap?
You enter a teleport trap!
The teleport trap disappears.
Your surroundings seem slightly different.
A bat and a goblin come into view.
The goblin shouts!
Found a scroll labeled UJIOPREDAYR.
Unknown command.
You hit the goblin. The goblin hits you with a +0 dagger.
A goblin comes into view.
You hit the goblin. The bat barely misses you.
The goblin hits you with a +0 dagger.
You hit the goblin.
You kill the goblin!
The bat hits you but does no damage.
You closely miss the kobold.
A goblin comes into view.
The bat closely misses you. The kobold closely misses you.
A hobgoblin comes into view. It is wielding a +0 club.
The goblin hits you.
The goblin shouts!
You hit the bat. The bat misses you. The kobold closely misses you.
The goblin closely misses you.
You barely miss the kobold.
Your tail-slap misses the kobold.
The bat closely misses you. The bat hits you but does no damage.
The kobold hits you with a +0 whip.
* * * LOW HITPOINT WARNING * * *
The goblin closely misses you.
You hit the bat.
You kill the bat!
The kobold barely misses you. The goblin barely misses you.
The kobold hits you with a +0 whip.
* * * LOW HITPOINT WARNING * * *
You see here a bat corpse.
The hobgoblin hits you with a +0 club.
* * * LOW HITPOINT WARNING * * *
A hobgoblin comes into view.
The hobgoblin shouts!
A giant cockroach comes into view.
A kobold comes into view. It is wielding a +0 whip.
The hobgoblin hits you but does no damage.
You open the door. The hobgoblin hits you with a +0 club.
You die...

+#######+# .........##
... .. ..# ##...## ...
.. .#.###.#.#.## #.. .
.##.#.##.##.## #.#.#
.###.###.###.###.#.
.##.#.##.####.##..
......
<..###.........'.#
...K.. .###
##.####..#@# ....# .#
#.# #.#.#g##..s.# ##
##.#.##.#g#....# #. #.#
#.#.#....##..
#.#.##.#Ks....#.8. #.#
#.#)#g......... ##
###.####รท.#..........
..#
#.........+..........
#.#.##.####.##......#.8


You could see a giant cockroach, 2 hobgoblins, a goblin and a kobold.

Vanquished Creatures
  A goblin (D:1)
  2 hobgoblins (D:1)
  A bat (D:1)
4 creatures vanquished.

Notes
Turn   | Place    | Note
-------+----------+-------------------------------------------
     0 | D:1      | MalarOregon the Draconian Enchanter began the quest for the
                  | Orb.
     0 | D:1      | Reached XP level 1. HP: 14/14 MP: 3/3
   161 | D:1      | Slain by a hobgoblin

Action                   || total
-------------------------++-------
Melee: Dagger            ||    13
Armor: Skin              ||     4
Dodge: Dodged            ||    11
